Match 26657838
Unlisted

Match 26657838
End
Construct Infanterie Kompanie
Selects Breakthrough Battlegroup
Selects Assault Grenadiers
MG 42 Machine Gun Team
Grenadier Squad
Grenadier Squad
Grenadier Squad
Construct Panzergrenadier Kompanie
251 Medium Carrier
Selects Rapid Production
Selects Smoke Bombing Run
Selects Incendiary Bombing Run
Construct Panzer Kompanie
Panzer IV Medium Tank
Panzergrenadier Squad
Side Skirts
Selects Blitzkrieg
Blitzkrieg
Big Steppa#Stomped
pipila300
pedrosaddy1
neurotypical cattle
Friendly Mouse(Poxie)
milly mills
0
0

Comments sign in to comment!

No comments posted yet!